Map: Romanticide LE

Players

AlexRamos

  • Race: Protoss Protoss
  • League: Silver

Throwfordays - Winner!

  • Race: Protoss Protoss
  • League: Gold

VOD

Have the link to the VOD?

Description

Time

  • Played on: June 23, 2021, 2:40 a.m.
  • Length: 11:14
Show
View Real Time Build Order
Export as new Build Order

AlexRamos Protoss 

Build Orders: Double Forge 

Get SALT Encoding   

  12  0:02  Probe (Chrono Boost)  
  13  0:12  Probe (Chrono Boost)  
  14  0:22  Pylon  
  14  0:26  Probe  
  15  0:44  Gateway  
  15  0:49  Gateway, Probe  
  16  1:01  Probe (Chrono Boost)  
  18  1:13  Probe (Chrono Boost)  
  18  1:18  Gateway, Probe (Chrono Boost)  
  19  1:28  Probe  
  20  1:35  Cybernetics Core  
  20  1:40  Pylon, Probe  
  20  1:43  Assimilator  
  21  1:52  Probe  
  22  1:55  Forge  
  22  2:04  Probe  
  22  2:05  Forge  
  23  2:17  Assimilator  
  23  2:28  Forge, Probe (Chrono Boost)  
  24  2:37  Zealot  
  24  2:39  Zealot  
  24  2:41  Zealot  
  30  3:04  Photon Cannon  
  15  3:56  Nexus  
  15  4:18  Pylon  
  15  5:34  Forge  
  15  5:39  Photon Cannon, Probe  
  16  5:52  Probe  
  17  6:07  Pylon  
  17  6:21  Photon Cannon  
  17  6:28  Gateway  
  17  6:38  Gateway  
  17  6:41  Probe  
  17  6:44  Assimilator  
  18  6:53  Probe  
  19  7:05  Probe  
  19  7:07  Photon Cannon  
  20  7:14  Photon Cannon  
  20  7:20  Cybernetics Core  
  20  7:24  Zealot  
  22  7:34  Pylon  
  22  7:40  Zealot  
  23  7:58  Zealot  
  25  8:10  Photon Cannon  
  25  8:21  Pylon  
  19  9:02  Cybernetics Core  
  19  9:06  Zealot  
  19  9:07  Zealot  
  23  9:14  Probe  
  24  9:26  Probe  
  25  9:42  Stargate  
  25  10:07  Stargate  
  25  10:08  Assimilator  
  25  10:10  Probe  
  26  10:14  Zealot  
  26  10:15  Zealot  
  30  10:54  Fleet Beacon  
Show
View Real Time Build Order
Export as new Build Order

Throwfordays Protoss - Winner!

Build Orders: Cannon Rush 

Get SALT Encoding   

  12  0:00  Probe  
  13  0:13  Pylon  
  13  0:18  Probe (Chrono Boost)  
  15  0:30  Probe (Chrono Boost)  
  15  0:35  Probe (Chrono Boost)  
  15  0:41  Forge  
  16  0:57  Pylon  
  16  1:06  Probe  
  17  1:15  Photon Cannon  
  17  1:18  Probe  
  18  1:21  Photon Cannon  
  18  1:31  Pylon  
  18  1:48  Photon Cannon  
  18  1:53  Photon Cannon  
  18  2:01  Pylon  
  18  2:07  Photon Cannon  
  18  2:09  Pylon  
  18  2:23  Pylon  
  18  2:32  Pylon  
  18  2:35  Photon Cannon  
  18  2:43  Photon Cannon  
  18  2:51  Photon Cannon  
  18  3:05  Pylon  
  18  3:13  Pylon  
  18  3:24  Pylon  
  18  3:33  Photon Cannon  
  18  3:39  Photon Cannon  
  18  3:40  Photon Cannon  
  18  3:56  Photon Cannon  
  18  4:01  Photon Cannon  
  18  5:11  Pylon  
  18  5:14  Pylon  
  18  5:27  Nexus  
  18  5:30  Photon Cannon  
  18  5:32  Photon Cannon  
  18  5:36  Photon Cannon  
  18  5:47  Probe  
  19  6:00  Pylon  
  19  6:03  Photon Cannon  
  19  6:11  Gateway  
  19  6:13  Gateway  
  19  6:15  Probe (Chrono Boost)  
  21  6:25  Probe (Chrono Boost)  
  21  6:30  Probe (Chrono Boost)  
  22  6:36  Photon Cannon  
  22  6:38  Photon Cannon  
  22  6:42  Probe (Chrono Boost)  
  23  6:47  Pylon  
  23  6:52  Probe (Chrono Boost)  
  25  6:54  Probe (Chrono Boost)  
  26  7:02  Probe (Chrono Boost)  
  26  7:03  Probe (Chrono Boost)  
  26  7:07  Probe (Chrono Boost)  
  26  7:08  Probe  
  27  7:09  Assimilator  
  27  7:12  Assimilator  
  29  7:16  Photon Cannon  
  29  7:18  Photon Cannon  
  29  7:20  Probe  
  30  7:25  Photon Cannon  
  30  7:33  Probe  
  31  7:40  Probe  
  32  7:46  Probe  
  33  7:52  Probe  
  33  7:53  Photon Cannon  
  33  7:58  Probe  
  35  8:03  Zealot x2  
  35  8:04  Probe  
  40  8:08  Cybernetics Core  
  40  8:17  Probe  
  41  8:20  Gateway  
  41  8:22  Gateway  
  41  8:23  Gateway  
  41  8:29  Probe  
  42  8:40  Zealot  
  42  8:41  Zealot  
  46  8:46  Assimilator  
  46  8:48  Assimilator  
  46  8:51  Probe  
  47  8:58  Warp Gate (Chrono Boost)  
  48  9:17  Probe  
  48  9:24  Pylon  
  48  9:27  Robotics Facility  
  48  9:29  Probe  
  49  9:40  Nexus  
  49  9:42  Assimilator  
  49  9:46  Assimilator  
  49  9:49  Pylon, Stalker  
  49  9:50  Stalker x2  
  49  9:52  Stalker x2  
  59  10:02  Robotics Facility  
  59  10:12  Immortal (Chrono Boost)  
  63  10:37  Stalker x4  
  63  10:42  Probe  
  72  10:45  Probe  
  77  10:51  Probe  
  77  10:54  Probe  
Tags
 
Add a new tag
Caveats
  • Supply blocks, unpowered buildings, or Contaminate may cause inaccurate times.
  • Supply counts are checked every 10 seconds.